AoeStats
← tarepo

Arena

504186461Analyzed
1v1 RM · 26d ago on Sep 4, 2026· 49m 22s· 2 players
Game mode
Random Map
Map size
Tiny (2 player)
Population
200
Speed
Normal
Resources
Standard
Victory
Conquest
Starting age
Dark Age
Ending age
Imperial Age
RankedLock teamsTeams togetherTeam positionsShared explorationLock speedFull tech treeHidden civsTurbo modeCheats
Victory
Defeat
🇨🇭 Spanish · Switzerland
434
+16
🇧🇷 Romans · Brazil
444
-16
tarepo
7:27 Loom
11:20 Feudal Age
12:24 Horse Collar
17:09 Castle Age
15:24 Double-Bit Axe
17:11 Gold Mining
21:17 Heavy Plow
23:18 Bow Saw
23:58 Scale Mail Armor
24:51 Wheelbarrow
24:46 Squires
26:16 Stone Mining
26:45 Hand Cart
26:17 Town Watch
27:49 Chain Mail Armor
32:42 Imperial Age
30:25 Husbandry
31:37 Town Patrol
33:06 Cavalier
33:56 Bloodlines
35:13 Stone Shaft Mining
34:04 Capped Ram
35:56 Conscription
34:58 Elite Conquistador
36:44 Chemistry
35:55 Masonry
37:11 Murder Holes
37:27 Fortified Wall
37:39 Ballistics
37:04 Arrowslits
37:11 Guard Tower
37:28 Scale Barding Armor
37:54 Plate Mail Armor
37:34 Forging
37:15 Fletching
37:26 Padded Archer Armor
39:23 Onager
39:24 Siege Ram
40:53 Paladin
41:55 Chain Barding Armor
41:39 Padded Archer Armor
43:22 Pikeman
45:10 Plate Barding Armor
45:10 Iron Casting
44:51 Leather Archer Armor
44:27 Fletching
48:13 Light Cavalry
LuanzeraBrabo
11:06 Feudal Age
12:46 Double-Bit Axe
12:45 Horse Collar
13:47 Wheelbarrow
20:44 Castle Age
20:08 Stone Mining
20:35 Gold Mining
23:18 Bow Saw
23:11 Heavy Plow
28:10 Pikeman
28:18 Man-at-Arms
29:12 Long Swordsman
31:54 Hand Cart
36:27 Imperial Age
36:10 Scale Mail Armor
37:30 Gold Shaft Mining
37:38 Crop Rotation
36:53 Cavalier
37:45 Bloodlines
39:51 Husbandry
39:13 Light Cavalry
40:08 Forging
40:03 Scale Barding Armor
40:15 Chain Mail Armor
40:10 Ballistas
39:34 Capped Ram
42:58 Iron Casting
42:44 Chain Barding Armor
42:02 Capped Ram
42:04 Heavy Scorpion
42:10 Heavy Scorpion
46:05 Blast Furnace
45:40 Plate Barding Armor
Connection lost

Rejoining the realm…

Still unreachable

The connection could not be restored.

Session expired

The server has moved on; the page needs a fresh start.